 Dungeon Crawl Stone Soup version 0.30-a0-779-g7971cf19c3 (webtiles) character file.

Game seed: 18318364464985552039

4219 KleinerIrrer the Grappler (level 10, -2/73 HPs)
             Began as a Green Draconian Transmuter on Feb 17, 2023.
             Was a Believer of the Shining One.
             Shot with a bolt by an orc warrior (11 damage)
             ... on level 8 of the Dungeon.
             The game lasted 00:15:48 (6961 turns).

KleinerIrrer the Grappler (DrTm)                    Turns: 6961, Time: 00:15:48

Health: -2/73      AC: 12    Str: 16    XL:     10   Next: 9%
Magic:  11/13      EV: 11    Int: 17    God:    the Shining One [**....]
Gold:   400        SH:  3    Dex: 11    Spells: 10/13 levels left

rFire   . . .      SeeInvis .      - Unarmed
rCold   . . .      Faith    .    H - +0 buckler
rNeg    + . .      Spirit   .    (body armour unavailable)
rPois   +          Reflect  .    (helmet currently unavailable)
rElec   .          Harm     .    (no cloak)
rCorr   .          Rampage  .    u - +0 pair of gloves
Will    .....                    (boots currently unavailable)
Stlth   +                        (no amulet)
HPRegen 0.32/turn                k - +4 ring of protection
MPRegen 0.13/turn                p - +4 ring of slaying

@: appendages (expiring), wereblooded (expiring), glowing
A: horns 2, talons 2, breathe noxious fumes, AC +7, unfitting armour, poison
resistance, cold-blooded, clever 1, MP-powered wands
a: Breathe Noxious Fumes, End Transformation, Renounce Religion, Divine Shield


You were on level 8 of the Dungeon.
You worshipped the Shining One.
The Shining One was pleased with you.
You had temporarily grown beastly horns and talons.
You visited 1 branch of the dungeon, and saw 8 of its levels.

You collected 400 gold pieces.

Inventory:

Missiles
 y - 2 throwing nets
Armour
 u - a +0 pair of gloves (worn)
 v - a +2 pair of boots (melded)
 H - a +0 buckler (worn)
Jewellery
 k - a +4 ring of protection (left hand)
 l - a +6 ring of intelligence
 p - a +4 ring of slaying (right hand)
 C - a +6 ring of intelligence
 G - a ring of willpower
Wands
 A - a wand of flame (13)
Scrolls
 a - 4 scrolls of teleportation {unknown}
 b - 2 scrolls of silence {unknown}
 c - 2 scrolls of enchant armour {unknown}
 f - 4 scrolls of vulnerability {unknown}
 g - 3 scrolls of fog {unknown}
 m - a scroll of poison {unknown}
 o - 2 scrolls of immolation {unknown}
 q - 6 scrolls of identify {unknown}
 r - a scroll of noise {unknown}
 z - a scroll of torment {unknown}
 D - a scroll of fear {unknown}
 F - a scroll of enchant weapon {unknown}
Potions
 d - a potion of lignification
 e - 5 potions of mutation
 h - 3 potions of curing {unknown}
 i - a potion of might {unknown}
 j - 2 potions of attraction {unknown}
 n - a potion of invisibility {unknown}
 s - a potion of heal wounds
 t - 4 potions of flight {unknown}
 w - 4 potions of brilliance {unknown}
 x - a potion of haste {unknown}
 B - 4 potions of berserk rage {unknown}
 E - a potion of degeneration {unknown}


   Skills:
 + Level 2.1 Fighting
 - Level 1.7 Dodging
 + Level 1.5 Shields
 + Level 14.5 Unarmed Combat
 - Level 2.0 Spellcasting
 - Level 2.0 Transmutations


You had 10 spell levels left.
You knew the following spells:

 Your Spells              Type           Power      Damage    Failure   Level
a - Beastly Appendage     Tmut           16%        N/A       11%         1
b - Wereblood             Tmut           8%         N/A       17%         2

Your spell library contained the following spells:

 Spells                   Type           Power      Damage    Failure   Level
 Spider Form              Tmut/Pois      5%         N/A       45%         3
 Ignite Poison            Fire/Tmut/Pois 3%         N/A       52%         3
 Ice Form                 Ice/Tmut       5%         N/A       86%         4
 Sticky Flame             Conj/Fire      1%         2d3       94%         4
 Borgnjor's Vile Clutch   Necr/Erth      0%         N/A       100%        5
 Starburst                Conj/Fire      0%         6d3       100%        6
 Ignition                 Fire           0%         3d3       100%        8
 Animate Armour           Summ/Erth      Unusable   N/A       N/A         4

Dungeon Overview and Level Annotations

Branches:
Dungeon (8/15)             Temple (0/1) D:7
   Lair: D:8-11

Altars:
Ashenzari
Nemelex Xobeh
Okawaru
Xom
Zin
The Shining One

Shops:
D:1 =   D:2 [   D:4 (   D:8 =

Annotations:
D:1 exclusion: downstairs
D:2 1 runed translucent door, Crazy Yiuf
D:3 2 runed translucent doors, Mandevil's ghost, amateur HuHu
D:4 exclusion: downstairs


Innate Abilities, Weirdness & Mutations

You have temporarily grown beastly horns and talons.
You can breathe blasts of noxious fumes.
Your lurid green scales are hard. (AC +7)
You cannot fit into any form of body armour.
Your system is resistant to poisons. (rPois)
You are cold-blooded and may be slowed by cold attacks.
Your mind is acute. (Int +4, Str/Dex -1)
You expend magic power (3 MP) to strengthen your wands.


Message History

The orc warrior barely misses you. You block Pikel's attack.
You punch Pikel!
Pikel is severely wounded.
The orc warrior hits you from afar with a +0 halberd.
Pikel hits you with a +0 whip of freezing.
You feel yourself slow down. Pikel freezes you.
You closely miss Pikel.
Pikel is severely wounded.
The orc warrior hits you from afar with a +0 halberd!
Pikel hits you but does no damage.
You punch Pikel!
Your tail-slap misses Pikel.
Pikel is almost dead.
You feel yourself speed up.
The orc warrior hits you but does no damage.
Pikel hits you but does no damage. x2
The orc warrior hits you from afar with a +0 halberd!
Casting: Wereblood (safe; 17% risk of failure)
Confirm with . or Enter, or press ? or * to list all spells.
You grow a pair of large bovine horns.
Your feet morph into talons.
Your +2 pair of boots melds into your body.
The orc warrior hits you from afar with a +0 halberd!
Pikel hits you but does no damage.
The orc warrior hits you from afar with a +0 halberd.
Pikel hits you but does no damage.
You closely miss Pikel. Your headbutt misses Pikel.
Pikel is almost dead.
You punch Pikel!
You feel a bit better.
You kill Pikel!
Your primal bloodlust is almost over.
The orc warrior hits you from afar with a +0 halberd.
* * * LOW HITPOINT WARNING * * *
Your Fighting skill increases to level 2!
Your Shields skill increases to level 1!
You have reached level 10!
Your transformation is almost over.
The orc warrior unwields a +0 halberd.
The orc warrior wields a +0 arbalest.
The orc warrior shoots a bolt.
The bolt hits you!
* * * LOW HITPOINT WARNING * * *
The orc warrior shoots a bolt.
The bolt hits you!
You die...

..# #.#
#.................... #.# .#
##.................PP #.#
##..........#...P.P.P #.##
##..[.........P.P..... #.##
#........#.......P...P
#..#####.#(...###...)P$.##+#
#.....####...## #[.oPP.P#
##..#...####...###.......#
..#####..# ##...@.##..P..#
..# ##.# ##...###.P.P.P. ..#
#.# #...# ##..P.... ..# ##.#
#...# ....P.. ...####..#
##..## #....P. ...##..###
#..## #.... ......## ##..#
.....## ##..## .....# ##..##


You could see an orc warrior.

Vanquished Creatures
  Pikel (D:8)
  2 hornets
  Edmund (D:4)
  5 water moccasins
  An orc warrior (D:7)
  3 black bears
  4 ogres
  4 lemures
  A centaur (D:5)
  3 bullfrogs (D:7)
  A kobold brigand (D:8)
  2 necrophages
  9 wights
  2 scorpions
  3 howler monkeys
  6 hounds
  An orc priest (D:6)
  A gnoll bouda (D:5)
  A jelly (D:5)
  7 iguanas
  Jessica (D:3)
  Terence (D:2)
  2 orc wizards
  10 adders
  11 gnolls
  A shadow imp (D:7)
  2 white imps
  An ufetubus (D:5)
  4 worms
  6 dart slugs
  22 orcs
  5 bats
  6 endoplasms
  A giant cockroach (D:2)
  9 hobgoblins
  6 jackals
  11 kobolds
  8 ball pythons
  A frilled lizard (D:1)
  5 goblins
  6 rats
177 creatures vanquished.

Vanquished Creatures (others)
  2 fungi (D:8)
2 creatures vanquished.

Grand Total: 179 creatures vanquished

Notes
Turn   | Place    | Note
-------+----------+-------------------------------------------
     0 | D:1      | KleinerIrrer the Draconian Transmuter began the quest for
                  | the Orb.
     0 | D:1      | Reached XP level 1. HP: 16/16 MP: 3/3
   117 | D:1      | You fall into a shaft and drop 1 floor!
   155 | D:2      | Got the Teachings on the Scorched Mesa
   190 | D:2      | Reached XP level 2. HP: 23/23 MP: 5/5
   271 | D:2      | Found Ycosulooda's Antique Armour Boutique.
   274 | D:2      | Found a glowing golden altar of the Shining One.
   279 | D:2      | Noticed Terence
   302 | D:2      | Killed Terence
   303 | D:2      | Reached skill level 4 in Unarmed Combat
   303 | D:2      | Reached XP level 3. HP: 13/28 MP: 4/6
   499 | D:2      | Became a worshipper of the Shining One
   503 | D:2      | Noticed a gnoll sergeant
   529 | D:2      | Found a runed translucent door.
   530 | D:2      | Noticed Crazy Yiuf
   621 | D:1      | Reached XP level 4. HP: 35/35 MP: 7/7
   656 | D:1      | Found Riotsogh's Jewellery Shop.
   674 | D:1      | Reached skill level 5 in Unarmed Combat
  1270 | D:3      | Found a shimmering altar of Xom.
  1281 | D:3      | Noticed an angel
  1286 | D:3      | Found a glowing silver altar of Zin.
  1292 | D:3      | Noticed Jessica
  1303 | D:3      | Gained mutation: Your mind is acute. (Int +4, Str/Dex -1)
                  | [potion of mutation]
  1303 | D:3      | Gained mutation: You expend magic power (3 MP) to
                  | strengthen your wands. [potion of mutation]
  1305 | D:3      | Killed Jessica
  1373 | D:3      | Reached XP level 5. HP: 40/40 MP: 6/8
  1460 | D:3      | Found an iron altar of Okawaru.
  1474 | D:3      | Reached skill level 6 in Unarmed Combat
  1499 | D:3      | Found a large runed translucent door.
  1499 | D:3      | Found a large runed translucent door.
  1501 | D:3      | Noticed Mandevil's ghost (amateur HuHu)
  2199 | D:4      | Found Leifist's Antique Weapon Shoppe.
  2242 | D:4      | Noticed an ogre
  2246 | D:4      | Killed an ogre
  2247 | D:4      | Reached XP level 6. HP: 47/47 MP: 7/9
  2275 | D:4      | Reached skill level 7 in Unarmed Combat
  2513 | D:4      | Found a broken altar of Ashenzari.
  2529 | D:4      | Noticed Edmund
  2542 | D:4      | Killed Edmund
  2543 | D:4      | Reached skill level 8 in Unarmed Combat
  2543 | D:4      | Your scales start taking on a lurid green colour.
  2543 | D:4      | Reached XP level 7. HP: 45/52 MP: 8/10
  2543 | D:4      | Gained mutation: Your system is resistant to poisons.
                  | (rPois) [Green Draconian growth]
  3050 | D:5      | Entered Level 5 of the Dungeon
  3310 | D:5      | Reached skill level 9 in Unarmed Combat
  3515 | D:5      | Reached * piety under the Shining One
  3538 | D:5      | Reached XP level 8. HP: 55/59 MP: 11/11
  3545 | D:5      | Reached skill level 10 in Unarmed Combat
  3701 | D:5      | Noticed a hornet
  3708 | D:5      | Killed a hornet
  3709 | D:5      | Reached skill level 11 in Unarmed Combat
  4825 | D:6      | Reached skill level 12 in Unarmed Combat
  4825 | D:6      | Reached XP level 9. HP: 64/64 MP: 10/12
  5462 | D:7      | Found a staircase to the Ecumenical Temple.
  5509 | D:7      | Reached skill level 13 in Unarmed Combat
  5583 | D:7      | Reached ** piety under the Shining One
  5785 | D:7      | Found a sparkling altar of Nemelex Xobeh.
  6102 | D:7      | Reached skill level 14 in Unarmed Combat
  6339 | D:8      | Noticed Pikel
  6487 | D:8      | Learned a level 2 spell: Wereblood
  6910 | D:8      | Found Osagedd's Jewellery Shoppe.
  6957 | D:8      | Killed Pikel
  6958 | D:8      | Reached skill level 1 in Shields
  6958 | D:8      | Reached XP level 10. HP: 20/73 MP: 11/13
  6961 | D:8      | Shot with a bolt by an orc warrior

Illustrated notes

Levels and vault maps discovered:
D:1:      lightli_arrival_boilingwater, layout_basic, serial_shops, shop
D:2:      layout_rooms, serial_shops, shop, basic_altar,
          pf_guarded_unrand_woodcutter, uniq_crazy_yiuf_cottage, uniq_terence
D:3:      layout_basic, okawaru_altar_gauntlet_db,
          grunt_temple_overflow_order_and_chaos_1, ebering_ghost_disaster_area,
          uniq_jessica
D:4:      layout_basic, old_standard_altar, serial_shops, shop_fountains,
          minmay_joined_circles, uniq_edmund
D:5:      kennysheep_windowed_halls, layout_basic,
          nicolae_elevator_lobby_asterisk
D:6:      layout_cave_pods
D:7:      layout_cave_pools, mainiacjoe_overflow_24_doors,
          minmay_temple_entry_tees
D:8:      layout_layer_cave, grunt_lair_entry_orc_guard_hut, serial_shops,
          nicolae_shop_trees, uniq_pikel

Skill      XL: |  1  2  3  4  5  6  7  8  9 |
---------------+----------------------------+-----
Unarmed Combat | 4 5 6 8 9 12 14 | 14.5
Fighting       | 2 |  2.1
Shields        | 1 |  1.5
Dodging        | |  1.7
Spellcasting   | |  2.0
Transmutations | |  2.0

Action                     |  1- 3 |  4- 6 |  7- 9 | 10-12 || total
---------------------------+-------+-------+-------+-------++-------
  Melee: Unarmed           |    77 |   110 |   232 |       ||   419
         Kick              |    10 |    22 |    31 |       ||    63
         Tailslap          |     4 |    10 |    37 |       ||    51
         Headbutt          |     2 |    23 |    12 |       ||    37
         Punch             |     1 |       |    19 |       ||    20
   Cast: Beastly Appendage |    11 |    24 |    30 |       ||    65
         Wereblood         |       |       |     2 |       ||     2
Ability: Breathe Noxious F |       |       |     4 |       ||     4
    Use: Potion            |     1 |     2 |     3 |       ||     6
 Armour: Skin              |    26 |    35 |    82 |       ||   143
  Dodge: Dodged            |    58 |    59 |   154 |       ||   271
  Block: Buckler           |       |       |     2 |       ||     2

Table legend: (Time is in decaauts)
 A = Elapsed time spent in this place.
 B = Non-inter-level travel time spent in this place.
 C = Inter-level travel time spent in this place.
 D = Time resting spent in this place.
 E = Time spent auto-exploring this place.
 F = Levels seen in this place.
 G = Mean time per level.
                   A        B        C        D        E       F      G
               +--------+--------+--------+--------+--------+-----+--------+
         Total |   6904 |   5687 |   1217 |    544 |   3968 |   8 |  863.0 |
       Dungeon |   6904 |   5687 |   1217 |    544 |   3968 |   8 |  863.0 |
               +--------+--------+--------+--------+--------+-----+--------+

Top non-repeatable levels by time:
     D:5: 1418 daAuts
     D:6: 996 daAuts
     D:4: 944 daAuts
     D:7: 904 daAuts
     D:3: 875 daAuts
     D:1: 856 daAuts
     D:2: 491 daAuts
     D:8: 418 daAuts
